 Dungeon Crawl Stone Soup version 0.26-a0-52-gd53d4cd058 (webtiles) character file.

Game seed: 11280128497685957962

192370 vurker the Gelid (level 18, -3/151 HPs)
             Began as a Barachi Ice Elementalist on June 6, 2020.
             Was a High Priest of Vehumet.
             Hit by a large rock thrown by Polyphemus (26 damage)
             ... on level 2 of the Shoals.
             The game lasted 01:18:28 (44858 turns).

vurker the Gelid (Barachi Ice Elementalist)        Turns: 44858, Time: 01:18:28

Health: -3/151     AC: 12    Str: 10    XL:     18   Next: 23%
Magic:  4/48       EV: 14    Int: 22    God:    Vehumet [*****.]
Gold:   1202       SH:  4    Dex:  9    Spells: 23/51 levels left

rFire    + . .     SeeInvis .   T - staff of energy
rCold    . . .     Gourm    .   p - +0 buckler
rNeg     . . .     Faith    .   E - +2 robe {MR+}
rPois    +         Spirit   .   I - +0 helmet
rElec    .         Reflect  .   n - +0 cloak of Ihoosy {rPois rF+ Dex-5 Slay+5}
rCorr    .         Harm     .   o - +1 pair of gloves
MR       +++..                  K - +2 pair of boots
Stlth    ++........             (no amulet)
HPRegen  0.35/turn              f - ring of protection from magic
MPRegen  0.31/turn              C - ring of magical power

@: no potions, slow
A: +LOS, swims, slowness 1, strong legs 2
}: 1/15 runes: serpentine
a: Hop, Renounce Religion


You were on level 2 of the Shoals.
You worshipped Vehumet.
Vehumet was extremely pleased with you.
You were not hungry.

You visited 6 branches of the dungeon, and saw 30 of its levels.
You also visited: Gauntlet.

You collected 3575 gold pieces.
You spent 2373 gold pieces at shops.

Inventory:

Missiles
 g - 2 throwing nets (quivered)
 G - 38 javelins
Armour
 n - the +0 cloak of Ihoosy (worn) {rPois rF+ Dex-5 Slay+5}
   (You found it in a Gauntlet)

   It affects your dexterity (-5).
   It affects your accuracy and damage with ranged weapons and melee attacks
   (+5).
   It protects you from fire.
   It protects you from poison.
 o - a +1 pair of gloves (worn)
   (You found it on level 3 of the Dungeon)
 p - a +0 buckler (worn)
   (You found it on level 2 of the Dungeon)
 E - a +2 robe of magic resistance (worn)
   (You took it off an orc sorcerer on level 2 of the Orcish Mines)
 I - a +0 helmet (worn)
   (You found it on level 3 of the Lair of Beasts)
 K - a +2 pair of boots (worn)
   (You found it on level 7 of the Dungeon)
 R - a +0 robe of fire resistance
   (You found it on level 4 of the Lair of Beasts)
 V - the +0 pair of boots of Repulsion {+Fly rF+++ Str+3 Dex-5}
   (You acquired it on level 2 of the Orcish Mines)

   It affects your strength (+3).
   It affects your dexterity (-5).
   It renders you almost immune to fire.
   It lets you fly.
Magical Staves
 H - an uncursed staff of earth {unknown}
   (You found it on level 2 of the Shoals)
 T - an uncursed staff of energy (weapon)
   (You found it on level 12 of the Dungeon)
Jewellery
 f - a ring of protection from magic (left hand)
   (You found it on level 4 of the Lair of Beasts)
 i - an uncursed ring of ice
   (You found it on level 1 of the Dungeon)
 C - a ring of magical power (right hand)
   (You found it on level 4 of the Snake Pit)
 M - the ring "Urinaeno" {rPois rC+}
   (You found it on level 1 of the Shoals)

   [ring of poison resistance]

   It protects you from cold.
   It protects you from poison.
 X - an uncursed ring of resist corrosion
   (You found it on level 13 of the Dungeon)
Wands
 c - a wand of disintegration (9)
   (You found it on level 3 of the Lair of Beasts)
 d - a wand of iceblast (8)
   (You found it on level 5 of the Lair of Beasts)
 t - a wand of flame (73)
   (You took it off Grinder on level 4 of the Dungeon)
 u - a wand of paralysis (18)
   (You found it on level 4 of the Dungeon)
 x - a wand of acid (24)
   (You found it in a Gauntlet)
 J - a wand of polymorph (24)
   (You found it in a Gauntlet)
 O - a wand of clouds (6)
   (You found it on level 7 of the Dungeon)
Scrolls
 a - 3 scrolls of magic mapping
 h - 7 scrolls of enchant armour
 j - a scroll of fog
 q - 2 scrolls of vulnerability
 w - 18 scrolls of teleportation
 y - 4 scrolls of fear
 L - 7 scrolls of remove curse
 P - 3 scrolls of immolation
 Q - 2 scrolls of summoning
 S - 6 scrolls of identify
 W - 5 scrolls of blinking
Potions
 b - 3 potions of cancellation
 k - 2 potions of mutation
 l - 4 potions of haste
 m - 3 potions of brilliance
 r - 5 potions of flight
 s - 2 potions of lignification
 v - 8 potions of heal wounds
 z - 10 potions of curing
 A - 3 potions of resistance
 B - a potion of ambrosia
 D - a potion of magic
 U - 2 potions of invisibility
Miscellaneous
 F - a tin of tremorstones (3/3)
   (You found it on level 2 of the Lair of Beasts)
 N - 3 boxes of beasts
Comestibles
 e - 50 rations
 Y - a chunk of flesh


   Skills:
 + Level 16.2 Fighting
 - Level 5.0 Armour
 - Level 5.0 Dodging
 - Level 1.7 Stealth
 - Level 4.0 Shields
 + Level 17.2 Spellcasting
 + Level 4.7 Conjurations
 - Level 3.0 Summonings
 * Level 20.8 Ice Magic
 + Level 6.9 Earth Magic
 - Level 10.0 Evocations


You had 23 spell levels left.
You knew the following spells:

 Your Spells              Type           Power        Failure   Level  Hunger
a - Ozocubu's Refrigerat  Ice            #######...   1%          6    None
b - Lee's Rapid Deconstr  Erth           #####.....   1%          5    None
c - Orb of Destruction    Conj           #####.....   63%         7    None
d - Summon Ice Beast      Ice/Summ       ######..     1%          4    None
z - Freezing Cloud        Conj/Ice/Air   ######....   4%          6    None

Your spell library contained the following spells:

 Spells                   Type           Power        Failure   Level  Hunger
 Freeze                   Ice            ####         0%          1    None
 Frozen Ramparts          Ice            ######       0%          3    None
 Foxfire                  Conj/Fire      ####         1%          1    None
 Sandblast                Erth           #####.       1%          1    None
 Shock                    Conj/Air       ####         1%          1    None
 Summon Butterflies       Summ           ####....     1%          1    None
 Ensorcelled Hibernation  Hex/Ice        ######       1%          2    None
 Passwall                 Tmut/Erth      ####....     1%          2    None
 Conjure Flame            Conj/Fire      ####....     1%          3    None
 Dazzling Flash           Conj/Hex       ####..       1%          3    None
 Mephitic Cloud           Conj/Pois/Air  ####....     1%          3    None
 Ozocubu's Armour         Chrm/Ice       ######..     1%          3    None
 Static Discharge         Conj/Air       ####....     1%          3    None
 Stone Arrow              Conj/Erth      #####.       1%          3    None
 Hailstorm                Conj/Ice       ######..     1%          4    None
 Metabolic Englaciation   Hex/Ice        ######....   1%          5    None
 Call Canine Familiar     Summ           ####....     2%          3    None
 Ignite Poison            Fire/Tmut/Pois ###.....     2%          3    None
 Inner Flame              Hex/Fire       ###.....     2%          3    None
 Corona                   Hex            ###....      3%          1    None
 Infusion                 Chrm           ###.         3%          1    None
 Sting                    Tmut/Pois      ###.         3%          1    None
 Sticky Flame             Conj/Fire      ####....     3%          4    None
 Poisonous Vapours        Pois/Air       ###...       4%          2    None
 Shroud of Golubria       Chrm/Tloc      ###...       4%          2    None
 Song of Slaying          Chrm           ###.....     4%          2    None
 Swiftness                Chrm/Air       ###.....     4%          2    None
 Petrify                  Tmut/Erth      ####....     7%          4    None
 Airstrike                Air            ###.......   8%          4    None
 Olgreb's Toxic Radiance  Pois           ###.....     8%          4    None
 Confusing Touch          Hex            ###.....     9%          3    None
 Gell's Gravitas          Tloc           ###.......   9%          3    None
 Spectral Weapon          Hex/Chrm       ###.....     9%          3    None
 Tukima's Dance           Hex            ###.....     9%          3    None
 Fireball                 Conj/Fire      ####......   9%          5    None
 Lightning Bolt           Conj/Air       ####......   9%          5    None
 Yara's Violent Unravell  Hex/Tmut       ###.......   21%         5    None
 Summon Mana Viper        Hex/Summ       ####....     41%         5    None
 Summon Hydra             Summ           ####......   100%        7    None


Dungeon Overview and Level Annotations

Branches:
Dungeon (15/15)            Temple (1/1) D:5            Lair (6/6) D:8
 Shoals (2/4) Lair:3        Snake (4/4) Lair:3        Slime (0/5) Lair:6
    Orc (2/2) D:12            Elf (0/3) Orc:2        Vaults (0/5) D:14
 Depths (0/5) D:15        Gauntlet (visited)

Altars:
Cheibriados
Dithmenos
Elyvilon
Fedhas
Kikubaaqudgha
Makhleb
Okawaru
Qazlal
Ru
Sif Muna
Uskayaw
Vehumet
Zin
The Shining One
Beogh
Jiyva

Shops:
D:6 ?   D:8 (   D:10 (*(%   D:15 =   Orc:2 :?(?   Snake:1 ?*[!*

Annotations:
Shoals:2 Polyphemus


Innate Abilities, Weirdness & Mutations

You can be seen from farther away. (+LOS)
You can swim through water.
You cover ground slowly.
You can hop long distances.


Message History

You struggle against the net.
Polyphemus the Watchful Shepherd comes into view.
The heat is drained from your surroundings.
You feel very cold.
Polyphemus is frozen.
Polyphemus throws a large rock.
The large rock hits you!!
You hear a splash.
You tear a large gash into the net.
Polyphemus throws a large rock.
The large rock completely misses you.
You hear a splash.
You struggle against the net.
Polyphemus stomps at the water furiously.
Polyphemus throws a large rock.
The large rock hits you!!!
You hear a splash.
You shred the net and break free!
A catoblepas comes into view.
Polyphemus throws a large rock.
The large rock hits you but does no damage.
You hear a splash.
The heat is drained from your surroundings.
You feel very cold.
Polyphemus and the catoblepas are frozen.
The catoblepas bellows!
Polyphemus throws a large rock.
The large rock hits you!!!
* * * LOW HITPOINT WARNING * * *
You hear a splash.
The heat is drained from your surroundings.
You feel very cold.
Polyphemus and the catoblepas are frozen.
Polyphemus throws a large rock.
You block the large rock.
You hear a splash.
You cannot drink potions in your current state!
The heat is drained from your surroundings.
You feel very cold.
Polyphemus and the catoblepas are frozen.
A death yak comes into view. x2
The heat is drained from your surroundings.
You feel very cold.
Polyphemus, the catoblepas and the death yaks are frozen.
You kill the catoblepas!
Vehumet accepts your kill.
You feel your power returning.
The death yak bellows!
Polyphemus throws the death yak at you!
* * * LOW HITPOINT WARNING * * *
The heat is drained from your surroundings.
You feel very cold.
Polyphemus and the death yaks are frozen.
The death yak misses you.
Polyphemus throws a large rock.
The large rock hits you!!
You die...

#≈≈≈≈≈≈≈≈≈≈≈≈≈
#≈≈≈≈≈≈≈≈≈≈≈C.
#≈≈≈≈≈≈≈≈≈≈≈Y.
#≈≈≈≈≈≈≈≈≈)...
#≈≈≈≈≈≈≈≈≈≈..#
#≈≈≈≈≈≈≈≈≈≈... ≈≈≈≈≈≈.
#≈≈≈≈≈≈≈≈≈≈≈..≈≈≈≈≈≈≈≈
#≈≈≈≈≈≈≈≈≈≈...≈.≈≈≈≈≈≈
#≈≈≈≈@≈.≈≈≈≈≈...≈≈≈≈≈≈
#≈≈≈≈Y≈≈≈≈≈≈....≈≈≈≈≈≈
#≈≈≈≈≈≈≈≈≈≈...#..≈≈≈≈≈
#≈≈≈≈≈≈≈≈≈≈≈....≈≈≈≈≈≈
#≈≈≈≈≈≈.≈≈≈≈≈.≈≈≈≈≈≈≈≈
#≈≈≈≈≈≈≈≈≈≈≈≈.≈≈≈≈≈≈≈≈
#≈≈≈≈≈≈≈≈≈.≈≈.≈≈..≈≈≈≈
#≈≈≈≈≈≈≈≈≈≈≈≈.....≈≈≈≈
#≈≈≈≈≈≈≈≈≈≈≈≈≈..##)>÷≈


You could see Polyphemus and 2 death yaks.

Vanquished Creatures
  Vashnia (Snake:3)
  Agnes (Snake:1)
  4 nagarajas (Snake:4)
  Ilsuiw (Shoals:2)
  A dire elephant (D:15)
  Nessos (Lair:4)
  Azrael (D:15)
  A minotaur (Gauntlet)
  A merfolk javelineer (Shoals:2)
  A merfolk impaler (Shoals:1)
  Erolcha (Orc:2)
  5 hydras
  2 catoblepae
  2 centaur warriors
  18 naga warriors
  4 vault guards (D:14)
  13 anacondas
  A merfolk aquamancer (Shoals:1)
  2 two-headed ogres (D:14)
  An ogre mage (Orc:2)
  An alligator snapping turtle (Shoals:2)
  A tengu warrior (D:14)
  3 shock serpents
  14 naga sharpshooters
  Nergalle (Orc:2)
  2 salamander mystics
  2 sea snakes (Shoals:1)
  11 skeletal warriors
  An unseen horror (D:14)
  8 naga ritualists
  3 fauns (Shoals:2)
  2 deep elf magi
  4 mana vipers
  8 ugly things
  9 salamanders
  10 orc sorcerers
  A cyclops (D:14)
  12 manticores
  5 elephants
  3 merfolk sirens
  40 black mambas
  33 naga magi
  3 guardian serpents
  2 water nymphs
  22 spiny frogs
  A torpor snail (Lair:6)
  A hellion (Gauntlet)
  12 komodo dragons
  An efreet (D:13)
  2 hellwings (D:7)
  9 merfolk
  3 meliai (D:15)
  2 polar bears
  7 trolls
  A hornet (D:8)
  Grinder (D:4)
  14 blink frogs
  8 tyrant leeches
  A wind drake (Shoals:2)
  6 slime creatures
  12 hippogriffs
  4 dream sheep (Lair:5)
  A snapping turtle (Shoals:1)
  2 shadows
  2 wraiths
  50 yaks
  5 wyverns
  A water elemental (Shoals:2)
  2 vampires (D:10)
  2 hungry ghosts
  4 basilisks
  3 fire elementals
  17 vampire mosquitoes
  5 wargs
  An insubstantial wisp (Lair:6)
  61 nagas
  Menkaure (D:4)
  3 water moccasins
  A soldier ant (D:14)
  3 hell hounds (D:15)
  8 porcupines
  A black bear (D:7)
  7 sky beasts
  11 orc warriors
  An ice beast (D:13)
  A black bear (shapeshifter) (D:15)
  18 ogres
  13 crocodiles
  9 centaurs
  2 big kobolds
  33 bullfrogs
  4 small abominations (Gauntlet)
  2 scorpions
  5 killer bees (D:8)
  A wight (D:14)
  5 howler monkeys
  2 electric eels (Lair:1)
  4 crimson imps
  6 hounds
  A lava snake (D:14)
  A quasit (D:5)
  6 jellies
  14 orc priests
  3 centaur skeletons
  Jessica (D:3)
  A bullfrog skeleton (D:13)
  6 iguanas
  41 orc wizards
  Terence (D:3)
  17 worker ants
  A hound skeleton (D:5)
  12 adders
  5 shadow imps
  An ooze (D:2)
  An adder skeleton (D:6)
  An adder zombie (D:6)
  3 worms
  A dart slug (D:2)
  4 leopard geckos
  62 orcs
  6 bats
  7 giant cockroaches
  16 goblins
  12 hobgoblins
  18 jackals
  9 quokkas
  5 ball pythons
  4 frilled lizards
  7 kobolds
  2 quokka skeletons
  8 rats
  6 bushes (D:15)
  3 butterflies (Lair:5)
  4 fungi
  75 plants
1010 creatures vanquished.

Vanquished Creatures (collateral kills)
  A hydra (D:12)
  A thrashing horror (Gauntlet)
  A cyclops (Orc:1)
  4 centaur zombies
  2 elephants
  4 centaur skeletons (D:7)
  2 rime drakes
  A troll (D:12)
  6 blink frogs (Lair:6)
  2 yaks
  A basilisk (D:8)
  A hungry ghost (D:13)
  2 wargs (Orc:1)
  An insubstantial wisp (Lair:6)
  A water moccasin (Lair:5)
  An acid dragon (D:9)
  An ice beast (D:13)
  2 orc warriors
  A black bear (Lair:5)
  A necrophage (D:9)
  2 ogres
  2 phantoms
  2 crocodiles
  A bullfrog (D:8)
  A wyvern zombie (D:7)
  2 scorpions
  An electric eel (Lair:6)
  A crimson imp (D:10)
  A bullfrog skeleton (D:8)
  2 orc priests
  A hound (D:10)
  An orc wizard (D:5)
  A hound zombie (D:8)
  A howler monkey skeleton (D:10)
  An adder (D:5)
  2 shadow imps (D:7)
  6 orcs
  A leopard gecko skeleton (D:7)
  A fungus (Lair:5)
66 creatures vanquished.

Vanquished Creatures (others)
  38 bushes (D:15)
  14 demonic plants (Gauntlet)
  19 fungi
  29 plants
  14 withered plants (D:7)
114 creatures vanquished.

Grand Total: 1190 creatures vanquished

Notes
Turn   | Place    | Note
-------+----------+-------------------------------------------
     0 | D:1      | vurker the Barachi Ice Elementalist began the quest for the
                  | Orb.
     0 | D:1      | Reached XP level 1. HP: 13/13 MP: 3/3
   245 | D:1      | Reached skill level 5 in Ice Magic
   251 | D:1      | Reached XP level 2. HP: 13/20 MP: 0/5
   466 | D:1      | Reached skill level 1 in Fighting
  1122 | D:2      | Reached XP level 3. HP: 26/26 MP: 5/7
  1157 | D:2      | Learned a level 3 spell: Frozen Ramparts
  1716 | D:2      | Reached XP level 4. HP: 32/32 MP: 6/8
  2454 | D:3      | Reached skill level 1 in Shields
  2522 | D:3      | Reached XP level 5. HP: 27/38 MP: 2/10
  2706 | D:3      | Reached skill level 6 in Ice Magic
  3107 | D:3      | Noticed Jessica
  3112 | D:3      | Killed Jessica
  3112 | D:3      | Reached XP level 6. HP: 46/46 MP: 6/12
  3212 | D:3      | Found a shadowy altar of Dithmenos.
  3212 | D:3      | Found a blossoming altar of Fedhas.
  3217 | D:3      | Found a hide-covered altar of Uskayaw.
  3219 | D:3      | Found a sacrificial altar of Ru.
  3220 | D:3      | Found a faded altar of an unknown god.
  3310 | D:3      | Noticed Terence
  3314 | D:3      | Killed Terence
  3571 | D:3      | Learned a level 4 spell: Hailstorm
  3576 | D:3      | Learned a level 4 spell: Summon Ice Beast
  3919 | D:4      | Found an iron altar of Okawaru.
  3925 | D:4      | Noticed Menkaure
  3938 | D:4      | Killed Menkaure
  3938 | D:4      | Reached skill level 1 in Conjurations
  3938 | D:4      | Reached skill level 1 in Summonings
  3938 | D:4      | Reached XP level 7. HP: 20/52 MP: 5/13
  4367 | D:4      | Noticed Grinder
  4616 | D:4      | Killed Grinder
  4783 | D:4      | Reached skill level 7 in Ice Magic
  4833 | D:4      | Found a stormy altar of Qazlal.
  5034 | D:5      | Entered Level 5 of the Dungeon
  5381 | D:5      | Found a staircase to the Ecumenical Temple.
  5384 | D:5      | You fall into a shaft and drop 1 floor!
  5384 | D:6      | Found a glowing golden altar of the Shining One.
  5404 | D:6      | Reached skill level 5 in Spellcasting
  5404 | D:6      | Reached XP level 8. HP: 19/58 MP: 6/15
  5982 | Temple   | Entered the Ecumenical Temple
  5988 | Temple   | Became a worshipper of Vehumet
  6041 | D:5      | Reached skill level 8 in Ice Magic
  6446 | D:6      | Found Inaimek's Magic Scroll Shop.
  6449 | D:6      | Bought a scroll of teleportation for 33 gold pieces
  6449 | D:6      | Bought a scroll of teleportation for 33 gold pieces
  6449 | D:6      | Bought a scroll of identify for 22 gold pieces
  6449 | D:6      | Bought a scroll of identify for 22 gold pieces
  6913 | D:6      | Reached skill level 5 in Fighting
  6913 | D:6      | Reached XP level 9. HP: 68/68 MP: 8/18
  7041 | D:7      | Reached skill level 9 in Ice Magic
  7274 | D:7      | Found a burning altar of Makhleb.
  7363 | D:7      | Reached * piety under Vehumet
  7363 | D:7      | Offered knowledge of Foxfire by Vehumet.
  7626 | D:7      | Noticed a hellwing
  7638 | D:7      | Killed a hellwing
  7952 | D:7      | Reached skill level 10 in Ice Magic
  8497 | D:7      | Reached XP level 10. HP: 69/77 MP: 22/22
  9010 | D:7      | Reached skill level 11 in Ice Magic
  9677 | D:8      | Found Irolom's Antique Weapon Boutique.
  9921 | D:8      | Found a staircase to the Lair.
 10507 | D:8      | Reached ** piety under Vehumet
 10550 | D:8      | Offered knowledge of Searing Ray by Vehumet.
 11096 | D:8      | Reached skill level 12 in Ice Magic
 11444 | D:9      | Reached skill level 10 in Spellcasting
 11790 | D:9      | Reached XP level 11. HP: 78/86 MP: 21/25
 12374 | D:10     | Entered Level 10 of the Dungeon
 12604 | D:10     | Found Taxuhairph's Antique Weapon Shop.
 12695 | D:10     | Offered knowledge of Stone Arrow by Vehumet.
 12772 | D:10     | Found Zeebe's Assorted Antiques.
 12808 | D:10     | Reached *** piety under Vehumet
 12808 | D:10     | Reached skill level 13 in Ice Magic
 12955 | D:10     | Bought a scroll of teleportation for 96 gold pieces
 12955 | D:10     | Bought a scroll of identify for 64 gold pieces
 12981 | D:10     | Found Jadones's Weapon Boutique.
 13527 | D:10     | Found the +12 Vampire's Tooth {vamp}
 13763 | D:10     | Found Iqetosa's Food Shop.
 14280 | D:11     | Found a gate leading to a gauntlet.
 14287 | Gauntlet | Entered a Gauntlet
 14287 | Gauntlet | Found a transporter.
 14287 | Gauntlet | Found a transporter.
 14288 | Gauntlet | Found a transporter.
 14288 | Gauntlet | Found a transporter.
 14290 | Gauntlet | Found a transporter.
 14301 | Gauntlet | Found a transporter.
 14306 | Gauntlet | Found a transporter.
 14310 | Gauntlet | Noticed a thrashing horror
 14365 | Gauntlet | Found a transporter.
 14379 | Gauntlet | Found a transporter.
 14391 | Gauntlet | Found a transporter.
 14407 | Gauntlet | Found a transporter.
 14408 | Gauntlet | Noticed a tengu warrior
 14415 | Gauntlet | Found a transporter.
 14490 | Gauntlet | Got a steaming cloak
 14511 | Gauntlet | Identified the +0 cloak of Ihoosy {rPois rF+ Dex-5 Slay+5}
                  | (You found it in a Gauntlet)
 14652 | Gauntlet | Offered knowledge of Mephitic Cloud by Vehumet.
 14665 | Gauntlet | Killed a thrashing horror
 14860 | Gauntlet | Got a pair of shimmering boots
 14871 | Gauntlet | Identified the +2 pair of boots "Nemitadup" {rPois rC++
                  | MR-} (You found it in a Gauntlet)
 14886 | Gauntlet | Noticed a minotaur
 14894 | Gauntlet | Killed a minotaur
 15446 | D:12     | Noticed a skeletal warrior
 15446 | D:12     | Noticed a skeletal warrior
 15446 | D:12     | Noticed a skeletal warrior
 15446 | D:12     | Noticed a skeletal warrior
 15559 | Lair:1   | Entered Level 1 of the Lair of Beasts
 15643 | Lair:1   | Reached XP level 12. HP: 87/97 MP: 21/27
 15649 | Lair:1   | Reached skill level 14 in Ice Magic
 16267 | D:8      | Bought a glowing lajatang for 522 gold pieces
 16550 | Lair:2   | Reached skill level 10 in Fighting
 16603 | Lair:2   | Reached **** piety under Vehumet
 17111 | Lair:2   | Got an agate-encrusted plate armour
 17525 | Lair:2   | Identified the +12 plate armour of Amokkudd {rN++ Regen+
                  | Dex+4} (You found it on level 2 of the Lair of Beasts)
 17615 | Lair:2   | Offered knowledge of Bolt of Magma by Vehumet.
 18142 | Lair:3   | You fall into a shaft and drop 1 floor!
 18142 | Lair:4   | Found a white marble altar of Elyvilon.
 18306 | Lair:3   | Found a staircase to the Shoals.
 18422 | Lair:3   | Found a staircase to the Snake Pit.
 18539 | Lair:3   | Reached skill level 15 in Ice Magic
 18617 | Lair:3   | Got a tiger eye-encrusted scale mail
 19069 | Lair:3   | Identified the +2 scale mail of the Old World {rF+} (You
                  | found it on level 3 of the Lair of Beasts)
 19103 | Lair:4   | Gained mutation: You can hop long distances. [Barachi
                  | growth]
 19103 | Lair:4   | Reached XP level 13. HP: 106/106 MP: 25/30
 19162 | Lair:4   | Noticed Nessos
 19191 | Lair:4   | Killed Nessos
 19191 | Lair:4   | Reached skill level 1 in Armour
 21298 | Lair:5   | Reached ***** piety under Vehumet
 21298 | Lair:5   | Offered knowledge of Iskenderun's Battlesphere by Vehumet.
 21863 | Lair:6   | Entered Level 6 of the Lair of Beasts
 22903 | Lair:6   | Reached skill level 5 in Dodging
 23075 | Lair:6   | Reached skill level 5 in Armour
 23075 | Lair:6   | Reached XP level 14. HP: 57/115 MP: 25/32
 23378 | Lair:6   | Offered knowledge of Freezing Cloud by Vehumet.
 23399 | Lair:6   | Learned a level 6 spell: Freezing Cloud
 23802 | Lair:6   | Reached skill level 16 in Ice Magic
 24220 | Lair:6   | Found a viscous altar of Jiyva.
 24220 | Lair:6   | Found a staircase to the Slime Pits.
 24909 | D:12     | Reached skill level 15 in Spellcasting
 25201 | D:12     | Found a staircase to the Orcish Mines.
 25377 | D:12     | Reached skill level 1 in Evocations
 25880 | D:12     | Found a radiant altar of Vehumet.
 26255 | Orc:1    | Entered Level 1 of the Orcish Mines
 26255 | Orc:1    | Found a roughly hewn altar of Beogh.
 26958 | Orc:2    | Entered Level 2 of the Orcish Mines
 27151 | Orc:2    | Found a staircase to the Elven Halls.
 27667 | Orc:2    | Found a roughly hewn altar of Beogh.
 28369 | Orc:2    | Paralysed by an orc sorcerer for 3 turns
 28559 | Orc:2    | Offered knowledge of Ozocubu's Refrigeration by Vehumet.
 28573 | Orc:2    | Learned a level 6 spell: Ozocubu's Refrigeration
 28982 | Orc:2    | Found Oqoixaock's Magic Scroll Boutique.
 29009 | Orc:2    | Found Toizampi's Book Shop.
 29045 | Orc:2    | Bought a scroll of blinking for 127 gold pieces
 29045 | Orc:2    | Bought a scroll of blinking for 127 gold pieces
 29045 | Orc:2    | Bought a scroll of teleportation for 51 gold pieces
 29045 | Orc:2    | Bought a scroll of teleportation for 51 gold pieces
 29058 | Orc:2    | Found a radiant altar of Vehumet.
 29058 | Orc:2    | Noticed Erolcha
 29061 | Orc:2    | Killed Erolcha
 29123 | Orc:2    | Found Teptiacire's Antique Weapon Boutique.
 29161 | Orc:2    | Found an ancient bone altar of Kikubaaqudgha.
 29161 | Orc:2    | Noticed Nergalle
 29164 | Orc:2    | Killed Nergalle
 29262 | Orc:2    | Found a roughly hewn altar of Beogh.
 29265 | Orc:2    | Found Qunnia Coci's Magic Scroll Shop.
 29374 | Orc:2    | Bought a scroll of teleportation for 39 gold pieces
 29374 | Orc:2    | Bought a scroll of acquirement for 676 gold pieces
 29582 | Orc:2    | Got the +0 pair of boots of Repulsion {+Fly rF+++ Str+3
                  | Dex-5}
 30591 | D:13     | Reached skill level 17 in Ice Magic
 30591 | D:13     | Reached XP level 15. HP: 124/124 MP: 23/34
 31466 | D:14     | Found a snail-covered altar of Cheibriados.
 32360 | D:14     | Reached skill level 5 in Evocations
 32508 | D:14     | Found a gate to the Vaults.
 32509 | D:14     | Offered knowledge of Spellforged Servitor by Vehumet.
 33298 | D:15     | Entered Level 15 of the Dungeon
 33298 | D:15     | Found Byudar's Jewellery Shoppe.
 33918 | D:15     | Noticed Azrael
 33920 | D:15     | Killed Azrael
 34059 | D:15     | Reached skill level 18 in Ice Magic
 34221 | D:15     | Found a staircase to the Depths.
 35330 | Snake:1  | Entered Level 1 of the Snake Pit
 35379 | Snake:1  | Reached XP level 16. HP: 134/134 MP: 28/36
 35386 | Snake:1  | Noticed Agnes
 35392 | Snake:1  | Learned a level 5 spell: Lee's Rapid Deconstruction
 35508 | Snake:1  | Killed Agnes
 35626 | Snake:1  | Found Kineq's Assorted Antiques.
 35632 | Snake:1  | Bought a fuming grey potion for 27 gold pieces
 35809 | Snake:1  | Reached skill level 1 in Earth Magic
 35844 | Snake:1  | Found Foedapib's Distillery.
 35877 | Snake:1  | Bought a potion of cancellation for 96 gold pieces
 35877 | Snake:1  | Bought a potion of mutation for 96 gold pieces
 35877 | Snake:1  | Bought a potion of heal wounds for 60 gold pieces
 35877 | Snake:1  | Bought a potion of heal wounds for 60 gold pieces
 35894 | Snake:1  | Found Porher's Armour Emporium.
 35958 | Snake:1  | Found Teph's Assorted Antiques.
 35962 | Snake:1  | Offered knowledge of Starburst by Vehumet.
 36242 | Snake:1  | Bought a scroll labeled BESUMYRUIM for 23 gold pieces
 36823 | Snake:1  | Got a twisted lajatang
 36825 | Snake:1  | Identified the cursed +0 lajatang of Resonant Valour
                  | {flame, rElec rC+ Stlth+} (You found it on level 1 of the
                  | Snake Pit)
 36999 | Snake:1  | Found Likk's Magic Scroll Boutique.
 37008 | Snake:1  | Bought a scroll of teleportation for 33 gold pieces
 37008 | Snake:1  | Bought a scroll of blinking for 82 gold pieces
 37008 | Snake:1  | Bought a scroll of teleportation for 33 gold pieces
 37477 | Snake:2  | Reached skill level 19 in Ice Magic
 37620 | Snake:2  | Found an iron altar of Okawaru.
 38382 | Snake:2  | Reached skill level 15 in Fighting
 39494 | Snake:3  | Reached XP level 17. HP: 142/142 MP: 28/37
 39590 | Snake:3  | Noticed Vashnia
 40207 | Snake:3  | Killed Vashnia
 40207 | Snake:3  | Reached skill level 5 in Earth Magic
 40414 | Snake:4  | Entered Level 4 of the Snake Pit
 40781 | Snake:4  | Reached skill level 20 in Ice Magic
 41229 | Snake:4  | Offered knowledge of Orb of Destruction by Vehumet.
 41246 | Snake:4  | Learned a level 7 spell: Orb of Destruction
 42222 | Snake:4  | Got a serpentine rune of Zot
 42343 | Snake:4  | Reached skill level 10 in Evocations
 43300 | Shoals:1 | Entered Level 1 of the Shoals
 43426 | Shoals:1 | Got a steaming wooden ring
 43706 | Shoals:1 | Reached XP level 18. HP: 137/151 MP: 24/39
 44393 | Shoals:1 | Identified the ring "Urinaeno" {rPois rC+} (You found it on
                  | level 1 of the Shoals)
 44478 | Shoals:2 | Noticed Ilsuiw
 44592 | Shoals:2 | Killed Ilsuiw
 44849 | Shoals:2 | Noticed Polyphemus
 44858 | Shoals:2 | Hit by a large rock thrown by Polyphemus

Illustrated notes

Levels and vault maps discovered:
D:1:      saegor_arrival_simple_b, layout_basic, minmay_misc_feat_square,
          minmay_pentomino_r2
D:2:      layout_basic, kennysheep_decorative_pillar
D:3:      layout_rooms, chequers_temple_overflow_minitemple, uniq_terence,
          uniq_jessica
D:4:      layout_gridville, grunt_qazlal_clouds, okawaru_trees_1, first_ration,
          hangedman_decor_lopped, st_stairs_10, uniq_grinder, uniq_menkaure
D:5:      layout_rooms, minmay_temple_entry_statues_fountains
D:6:      layout_rooms, serial_shops, kennysheep_mini, basic_altar,
          minmay_ogre_servants
D:7:      cheibrodos_grave_circle, layout_loops_ring, makhleb_heckhound_becter,
          supply_closet_lemuel
D:8:      layout_gridville, david_lair_generic, serial_shops,
          nicolae_shop_competitors_out_of_business, blue_anna_alchemist
          [blue_anna_fruit_fields, blue_anna_fruit_fields]
D:9:      layout_long_grid
D:10:     layout_loops_ring, serial_shops, shop, shop, shop_statue, shop,
          minmay_guarded_unrand_vampires_tooth
D:11:     layout_loops_ring, gauntlet_entry_generic, minmay_crystal_room,
          kennysheep_crisscross, due_unseen_surprise
D:12:     layout_roguey, erik_orc_3, lemuel_altar_in_water
D:13:     layout_gridville
D:14:     layout_basic, lightli_vaults_fourway_checkpoint, cheibriados_altar_1
D:15:     hangedman_depths_entry_try_elsewhere_first, layout_rooms,
          serial_shops, shop, serial_park_square2, uniq_azrael
Temple:   eino_wide_crystal_templ
Lair:1:   layout_roguey, st_stairs_5, minmay_stone_trees_medium,
          dpeg_stationary_puzzle, lemuel_fruit_tree
Lair:2:   layout_chaotic_city
Lair:3:   layout_cave_pods, elwin_shoals_entry_rooms,
          minmay_snake_entry_guardpost_large, grunt_megastairs_5
Lair:4:   layout_regular_city, basic_altar, grunt_megastairs_2, uniq_nessos
Lair:5:   layout_regular_city, patterned_corridor, serial_bayou_shore_b,
          lemuel_fruit_fields, lemuel_fruit_fields
Lair:6:   minmay_lair_end_frog_pond, layout_loops_ring,
          dpeg_slime_entry_enclosed_altar, pond
Shoals:1: cheibrodos_shoals_roost, layout_shoals
Shoals:2: layout_shoals, gammafunk_ghost_abyssal_escape, uniq_ilsuiw,
          uniq_polyphemus, uniq_frances
Snake:1:  layout_cave_shapes, serial_shops, shop, shop, shop, shop,
          minmay_shop_star, uniq_agnes
Snake:2:  layout_basic, basic_altar, hangedman_snake_corridor_split,
          serial_bayou_shore_b
Snake:3:  layout_layer_cave, uniq_vashnia
Snake:4:  snake_pit, layout_basic
Orc:1:    layout_caves, basic_altar, abandoned_shop
Orc:2:    kennysheep_orc_mage_school, layout_diamond_mine, basic_altar

Skill      XL: |  1  2  3  4  5  6  7  8  9 10 11 12 13 14 15 16 17 18 |
---------------+-------------------------------------------------------+-----
Ice Magic      | 5 6 7 8 10 12 13 15 17 18 19 20 | 20.8
Fighting       | 1 2 3 5 6 8 9 11 12 13 14 15 16 | 16.2
Spellcasting   | 3 4 5 6 8 10 11 13 14 15 16 17 | 17.2
Shields        | 1 2 3 4 |  4.0
Conjurations   | 1 2 3 4 |  4.7
Summonings     | 1 2 3 |  3.0
Armour         | 5 |  5.0
Dodging        | 5 |  5.0
Evocations     | 4 6 8 10 | 10.0
Earth Magic    | 4 6 |  6.9
Stealth        | |  1.7

Action                   |  1- 3 |  4- 6 |  7- 9 | 10-12 | 13-15 | 16-18 || total
-------------------------+-------+-------+-------+-------+-------+-------++-------
Melee: Unarmed           |    18 |       |       |       |       |       ||    18
       Dagger            |     3 |     6 |   122 |   113 |       |       ||   244
       Staff             |       |       |    52 |       |    45 |       ||    97
       Quick blade       |       |       |       |    10 |    47 |       ||    57
 Cast: Freeze            |    41 |    85 |    91 |   186 |   198 |       ||   601
       Frozen Ramparts   |       |     7 |    19 |    77 |    80 |       ||   183
       Summon Ice Beast  |       |       |    17 |    43 |    65 |       ||   125
       Hailstorm         |       |       |     4 |    56 |   135 |       ||   195
       Ozocubu's Refrige |       |       |       |       |   197 |   329 ||   526
       Freezing Cloud    |       |       |       |       |     7 |       ||     7
 Abil: Hop               |       |       |       |       |     1 |       ||     1
Evoke: Wand              |       |       |     1 |     3 |     7 |       ||    11
       Staff of energy   |       |       |       |       |    20 |    13 ||    33
  Use: Scroll            |       |       |    21 |     4 |     8 |     8 ||    41
       Potion            |       |       |       |       |     2 |       ||     2
 Stab: Sleeping          |       |     1 |     1 |       |       |       ||     2
       Paralysed         |       |       |     6 |       |       |       ||     6
       Distracted        |       |       |       |     1 |       |       ||     1
  Eat: Chunk             |     3 |     8 |    17 |    28 |    41 |    10 ||   107
       Ration            |       |       |     1 |     3 |     5 |     6 ||    15
Armor: Robe              |     8 |    12 |    63 |    28 |    89 |    12 ||   212
       Acid dragon scale |       |       |       |   108 |    11 |       ||   119
Dodge: Dodged            |    38 |    38 |   152 |   196 |   250 |    19 ||   693
Block: Buckler           |       |    15 |    57 |    43 |    58 |    11 ||   184

Table legend:
 A = Non-vault XP
 B = Vault XP
 C = Vault XP percentage of total XP
 D = Non-vault monster count
 E = Vault monster count
 F = Vault count percentage of total count
                 A         B        C        D         E       F
            +---------+---------+-------+---------+---------+-------
      Total |  165210 |   95717 |  36.7 |     715 |     272 |  27.6
            +---------+---------+-------+---------+---------+-------
        D:1 |      31 |       2 |   6.1 |      17 |       2 |  10.5
        D:2 |      90 |       0 |   0.0 |      27 |       0 |   0.0
        D:3 |     198 |      69 |  25.8 |      32 |       2 |   5.9
        D:4 |     209 |     418 |  66.7 |      20 |       4 |  16.7
        D:5 |     606 |       0 |   0.0 |      19 |       0 |   0.0
        D:6 |     605 |     135 |  18.2 |      25 |       9 |  26.5
        D:7 |    1315 |    2304 |  63.7 |      21 |      14 |  40.0
        D:8 |    1648 |     662 |  28.7 |      22 |       5 |  18.5
        D:9 |    1258 |     269 |  17.6 |      16 |       1 |   5.9
       D:10 |    3315 |    1594 |  32.5 |      28 |       7 |  20.0
       D:11 |     650 |       0 |   0.0 |      10 |       0 |   0.0
       D:12 |    6637 |     645 |   8.9 |      20 |      17 |  45.9
       D:13 |    6824 |       0 |   0.0 |      27 |       0 |   0.0
       D:14 |    8774 |    6357 |  42.0 |      49 |      12 |  19.7
       D:15 |   16331 |    4689 |  22.3 |      35 |      10 |  22.2
     Lair:1 |    1817 |     451 |  19.9 |       9 |       5 |  35.7
     Lair:2 |    4932 |       0 |   0.0 |      19 |       0 |   0.0
     Lair:3 |    3571 |    3000 |  45.7 |      15 |      14 |  48.3
     Lair:4 |    1810 |    1325 |  42.3 |      10 |       1 |   9.1
     Lair:5 |    6389 |       0 |   0.0 |      30 |       0 |   0.0
     Lair:6 |    8226 |   12637 |  60.6 |      28 |      56 |  66.7
   Shoals:1 |    7529 |    3214 |  29.9 |      14 |       6 |  30.0
   Shoals:2 |    5329 |    4450 |  45.5 |      13 |       5 |  27.8
    Snake:1 |   16682 |    2263 |  11.9 |      34 |       1 |   2.9
    Snake:2 |   16643 |    5978 |  26.4 |      35 |      14 |  28.6
    Snake:3 |   21679 |    8508 |  28.2 |      41 |       5 |  10.9
    Snake:4 |   16226 |   26306 |  61.8 |      33 |      41 |  55.4
      Orc:1 |    3121 |       0 |   0.0 |      29 |       0 |   0.0
      Orc:2 |    2765 |    7773 |  73.8 |      37 |      34 |  47.9
   Gauntlet |       0 |    2668 | 100.0 |       0 |       7 | 100.0
            +---------+---------+-------+---------+---------+-------
